Match 46083272
Unlisted

Match 46083272
End
Construct Section Command Post
Infantry Section
Infantry Section
Infantry Section
Construct Platoon Command Post
Unlock M3 Stuart Light Tanks
Royal Engineer Section
M3 Stuart Light Tank
M3 Stuart Light Tank
Light Vehicle Training
Selects Heavy Armor Battlegroup
Selects Rigorous Vehicle Training
Selects Forward Repair Assembly
Unlock Bishop Self-propelled Artillery
6-pounder Anti-tank Gun Team
Bishop Self-propelled Artillery
Bishop Self-propelled Artillery
Infantry Section
Infantry Section
Construct Company Command Post
Foot Guards Section
Foot Guards Section
Unlock Towed 17-pounder Anti-tank Guns
Selects Light Vehicle Withdraw and Refit
Selects Radio Net
Selects Designate Targets
Designate Targets
17-pounder Anti-tank Gun Team
Designate Targets
Selects Churchill Black Prince Heavy Tank
Churchill Black Prince Heavy Tank
Designate Targets
CMP 15cwt Truck
Crusader II Medium Tank
Crusader II Medium Tank
Kampfstärke
Геть з України москаль некрасіви
Papa Smurf
Konrad Curze
象棋大师
CPU - Easy
0
0

Comments sign in to comment!

No comments posted yet!